Unix NetHack Version 5.0.0-0 post-release - last build Jun 10 2026 00:39:30 (3ee93aec679c4c4259841fe613dc97188e26a321,branch:main).

Game began 2026-06-14 11:10:50, ended 2026-06-14 17:42:45.

LDaviesPeters, neutral female human Archeologist

           -----
           |..%|
           |.(>.
           |(.o|
           |.@)+
           ---+-
              #
              #
             ##
             #
       #  ####                --+---------+--
   ----.--|-------            |.............|
   |..+........[.|            ..............|
   |.............|            |....`........|
   |.............-############..............|
   |.............|            |..<..........|
   ---------------            ---------------

LDaviesPeters the Field Worker  St:12 Dx:10 Co:12 In:17 Wi:15 Ch:11  Neutral
Dlvl:5  $:0  HP:0(34) Pw:22(22) AC:8  Xp:4 T:2562 

Latest messages:
 You hear someone cursing shoplifters.
 You find a hidden door.
 The door opens.
 The door opens.
 Pick a monster, object or location.
 f        a cat or other feline (kitten)
 The kitten bites!
 You lash the kitten.
 The kitten bites!
 You lash the kitten.
 The kitten bites!
 The kitten bites!
 You miss the kitten.
 The kitten bites!
 You lash the kitten.
 The kitten bites!
 The kitten bites!
 You miss the kitten.
 The kitten bites!
 The kitten bites!
 You kill the kitten!
 Pick a monster, object or location.
 %        a piece of food (a clove of garlic)
 In what direction? 8
 You kick a clove of garlic.
 Pick a monster, object or location.
 %        a piece of food (a food ration)
 In what direction? 8
 You kick a food ration.
 You find a hidden door.
 In what direction? 2
 The door resists!
 You hear a door open.
 In what direction? 2
 The door closes.
 The hill orc picks up a food ration.
 The hill orc throws a crude dagger!
 You are almost hit by a crude dagger.
 You already found a monster.  Use 'm' prefix to force another search.
 You lash the hill orc.
 The hill orc hits!
 You lash the hill orc.
 The hill orc hits!
 You kill the hill orc!
 The hill orc picks up an iron skull cap.
 You lash the hill orc.
 The hill orc thrusts his crude dagger.
 The hill orc hits!
 You die...
 Do you want your possessions identified? [ynq] (y) q

Inventory:
 Weapons  (')')
  k - 11 blessed +0 darts
  l - 3 +0 orcish daggers
  a - a +2 bullwhip (weapon in right hand)
 Armor    ('[')
  c - an uncursed +0 fedora
  m - an uncursed +0 orcish helm (being worn)
  j - an uncursed +0 pair of high boots
  h - a blessed +0 leather jacket (being worn)
 Comestibles  ('%')
  d - 6 uncursed food rations
 Tools    ('(')
  b - an uncursed sack containing 4 items
  p - a +0 pick-axe
  i - an uncursed tallow candle
  f - a tinning kit (0:30)
 Gems/Stones  ('*')
  J - an uncursed obsidian stone
  g - an uncursed touchstone

Contents of the sack:
  323 gold pieces
  an uncursed scroll of enchant weapon
  an uncursed potion of invisibility
  an uncursed potion of fruit juice

LDaviesPeters the Archeologist's attributes:

Background:
 You were a Field Worker, a level 4 female human Archeologist.
 You were neutral, on a mission for Camaxtli
 who was opposed by Quetzalcoatl (lawful) and Huhetotl (chaotic).
 You were right-handed.
 You were in the Dungeons of Doom, on level 5.
 You entered the dungeon 2562 turns ago.
 There was a new moon in effect when your adventure ended.
 You had 105 experience points, 55 more were needed to attain level 5.

Basics:
 You had 0 out of 34 hit points.
 You had all 22 energy points (spell power).
 Your armor class was 8.
 Your wallet was empty, but
 you had 323 zorkmids stashed away in your pack.
 Autopickup was off.

Final Characteristics:
 Your strength was 12 (limit:18/100).
 Your dexterity was 10 (limit:18).
 Your constitution was 12 (limit:18).
 Your intelligence was 17 (limit:18).
 Your wisdom was 15 (limit:18).
 Your charisma was 11 (limit:18).

Final Status:
 You weren't hungry.
 You were unencumbered.
 You were wielding a whip.
 You had basic skill with whip.

Final Attributes:
 You were piously aligned.
 You had automatic searching.
 You are dead.

Miscellaneous:
 You didn't encounter any bones levels.
 Total elapsed playing time was 31 minutes and 13 seconds.

Major events:
 Turn
    1: LDaviesPeters the neutral female human Archeologist entered the dungeon
  766: entered the Gnomish Mines
 1170: attained the rank of Field Worker (level 3)
 2562: killed by a hill orc

Spells:
 Name                 Level Category     Fail Retention
 detect monsters        1   divination    27%  76%-100%
 identify               3   divination   100%  76%-100%
 light                  1   divination    27%  76%-100%
 extra healing          3   healing      100%  76%-100%

Skills:
 Fighting Skills
   bare handed combat [Unskilled]
   two weapon combat  [Unskilled]
   riding             [Unskilled]
 Weapon Skills
   dagger             [Unskilled]
   knife              [Unskilled]
   pick-axe           [Basic]
   short sword        [Unskilled]
   saber              [Unskilled]
   club               [Unskilled]
   quarterstaff       [Unskilled]
   sling              [Unskilled]
   dart               [Unskilled]
   boomerang          [Unskilled]
   whip               [Basic]
   unicorn horn       [Unskilled]
 Spellcasting Skills
   attack spells      [Unskilled]
   healing spells     [Unskilled]
   divination spells  [Unskilled]
   matter spells      [Unskilled]

Voluntary challenges:
 Character rerolling was not enabled.
 You never genocided any monsters.
 You never polymorphed an object.
 You never changed form.
 You used no wishes.
Achievements:
 You entered the Gnomish Mines.
 You entered a shop.
 You attained the rank of Field Worker.

 The Dungeons of Doom: levels 1 to 5
    Level 1:
       Some altars, a fountain.
    Level 2:
       A scroll shop.
       Stairs down to The Gnomish Mines.
    Level 3:
       A weapon shop.
    Level 4:
    Level 5: <- You were here.
       Final resting place for
          you, killed by a hill orc.
 The Gnomish Mines:
    Level 3:


Vanquished creatures:
  a kitten
  a hill orc
  a large kobold
  2 hobgoblins
  4 giant rats
  a gnome
  2 gnome zombies
  a gecko
  5 jackals
  3 foxes
  3 goblins
  2 sewer rats
  3 lichens
  a kobold zombie
  6 newts
36 creatures vanquished.

No species were genocided or became extinct.

Game over:
                       ----------
                      /          \
                     /    REST    \
                    /      IN      \
                   /     PEACE      \
                  /                  \
                  |  LDaviesPeters   |
                  |      323 Au      |
                  | killed by a hill |
                  |       orc        |
                  |                  |
                  |                  |
                  |       2026       |
                 *|     *  *  *      | *
        _________)/\\_//(\/(/\)/\//\/|_)_______

Goodbye LDaviesPeters the Archeologist...

You died in The Dungeons of Doom on dungeon level 5 with 911 points,
and 323 pieces of gold, after 2562 moves.
You were level 4 with a maximum of 34 hit points when you died.

